 Dungeon Crawl Stone Soup version 0.16.2-12-gd0ad4c3 (webtiles) character file.

53 Stagor the Magician (level 3, -4/19 HPs)
             Began as a Deep Elf Wizard on Feb 6, 2016.
             Slain by Crazy Yiuf
             ... wielding a +3 quarterstaff of chaos
              (8 damage)
             ... on level 2 of the Dungeon.
             The game lasted 00:19:55 (1998 turns).

Stagor the Magician (Deep Elf Wizard)               Turns: 1998, Time: 00:19:57

Health: -4/19      AC:  3    Str:  4    XL:     3   Next: 64%
Magic:  2/14       EV: 12    Int: 23    God:
Gold:   83         SH:  3    Dex: 13    Spells: 6 memorised, 1 level left

rFire  . . .     SeeInvis .     j - +0 spear (venom)
rCold  . . .     Clarity  .     a - +0 robe
rNeg   . . .     SustAb   .     p - +0 buckler
rPois  .         Gourm    .     b - +0 hat
rElec  .         Spirit   .     (no cloak)
rCorr  .         Warding  .     (no gloves)
rMut   .         Stasis   .     d - +0 pair of boots
MR     .....                    (no amulet)
Stlth  ++........               (no ring)
                                f - +6 ring of slaying

@: very slightly contaminated, not resistant to hostile enchantments, unstealthy
A: no striking features
a: no special abilities


You were on level 2 of the Dungeon.
You were not hungry.

You visited 1 branch of the dungeon, and saw 2 of its levels.

You collected 83 gold pieces.

Inventory:

Hand weapons
 e - a +0 dagger
 g - a +0 dagger of flaming
 j - a +0 spear of venom (weapon)
Armour
 a - a +0 robe (worn)
 b - a +0 hat (worn)
 d - a +0 pair of boots (worn)
 p - a +0 buckler (worn)
Jewellery
 f - a +6 ring of slaying (left hand)
 o - an uncursed ring of see invisible {unknown}
Scrolls
 m - a scroll of fear {unknown}
 n - 2 scrolls of blinking {unknown}
Potions
 i - a potion of restore abilities {unknown}
Books
 c - a book of Minor Magic

   Spells                             Type                      Level
   a - Magic Dart                     Conjuration                  1
   b - Blink                          Translocation                2
   c - Call Imp                       Summoning                    2
   d - Repel Missiles                 Charms/Air                   2
   e - Slow                           Hexes                        2
   f - Conjure Flame                  Conjuration/Fire             3
   g - Mephitic Cloud                 Conjuration/Poison/Air       3
Comestibles
 h - 4 fruits
 k - a beef jerky
 l - a bread ration


   Skills:
 + Level 2.5 Dodging
 + Level 2.5 Stealth
 * Level 5.9 Spellcasting
 * Level 2.0 Conjurations
 - Level 1.1 Summonings
 - Level 1.1 Translocations
 * Level 0.2 Fire Magic


You had one spell level left.
You knew the following spells:

 Your Spells              Type           Power        Failure   Level  Hunger
a - Magic Dart            Conj           ###.         8%          1    None
b - Call Imp              Summ           ##......     14%         2    None
c - Blink                 Tloc           N/A          14%         2    None
d - Repel Missiles        Chrm/Air       #.....       28%         2    None
e - Slow                  Hex            #.......     28%         2    None
f - Conjure Flame         Conj/Fire      ##......     28%         3    #......


Dungeon Overview and Level Annotations

Branches:
Dungeon (2/15)

Altars:

Annotations:
D:2 Crazy Yiuf


Message History

Crazy Yiuf hits you with a quarterstaff of chaos!
* * * LOW HITPOINT WARNING * * *
Crazy Yiuf freezes you.
* * * LOW HITPOINT WARNING * * *
Casting: Blink
Confirm with . or Enter, or press ? or * to list all spells.
You blink.
Casting: Blink
Confirm with . or Enter, or press ? or * to list all spells.
You blink.
You block Crazy Yiuf's attack.
Casting: Blink
Confirm with . or Enter, or press ? or * to list all spells.
You blink.
Crazy Yiuf barely misses you.
Casting: Blink
Confirm with . or Enter, or press ? or * to list all spells.
You miscast Blink.
You are very lightly contaminated with residual magic.
Nothing appears to happen.
Crazy Yiuf hits you with a quarterstaff of chaos!
You die...

.........# #.#
#####.#.## # #..
#.#.##.# ###
#......# ###<####
#.# #.# #.# #####
♣♣#### #.# #).@#♣♣
♣♣..#.## #.#
#...g§♣♣♣♣......#
#.####
#...#♣..♣.......####
##....#
#####♣♣♣.♣...##.....
##...###
♣♣♣♣♣###.####
#####.....# #.#
.........## #.#
#######.## ### #.#
#.# ..# #.# ##


You could see Crazy Yiuf.

Vanquished Creatures
  A gnoll (D:1)
  2 adders (D:2)
  A giant gecko (D:1)
  4 bats
  2 giant cockroaches
  5 goblins
  5 hobgoblins
  2 jackals (D:1)
  3 kobolds
  2 giant newts (D:2)
  4 rats
31 creatures vanquished.

Notes
Turn   | Place    | Note
--------------------------------------------------------------
     0 | D:1      | Stagor, the Deep Elf Wizard, began the quest for the Orb.
     0 | D:1      | Reached XP level 1. HP: 10/10 MP: 6/6
   278 | D:1      | Reached skill level 5 in Spellcasting
   491 | D:1      | Reached XP level 2. HP: 13/15 MP: 8/11
   496 | D:1      | Learned a level 2 spell: Call Imp
   499 | D:1      | Learned a level 2 spell: Blink
   539 | D:1      | Learned a level 2 spell: Repel Missiles
   542 | D:1      | Learned a level 2 spell: Slow
  1036 | D:1      | Reached XP level 3. HP: 19/19 MP: 11/14
  1046 | D:1      | Learned a level 3 spell: Conjure Flame
  1853 | D:2      | Noticed Crazy Yiuf
  1998 | D:2      | Slain by Crazy Yiuf

Action                   || total
-------------------------++-------
 Cast: Magic Dart        ||    77
       Blink             ||    16
       Call Imp          ||     3
       Slow              ||     1
       Repel Missiles    ||     1
  Use: Scroll            ||     2
  Eat: Bread ration      ||     1
